 Dungeon Sprint DCSS version 0.20-a0-1089-g3fde505 (webtiles) character file.

11297 potatolord5000 the Tortoise (level 11, -8/168 HPs)
             Began as a Minotaur Fighter on May 3, 2017.
             Was the Champion of Okawaru.
             Mangled by a ten-headed hydra (10 damage)
             ... in the Dungeon (Sprint VII: "The Pits") on May 4, 2017.
             The game lasted 00:17:01 (1576 turns).

potatolord5000 the Tortoise (Minotaur Fighter)      Turns: 1576, Time: 00:17:02

Health: -8/168     AC: 29    Str: 27    XL:     11   Next: 47%
Magic:  16/19      EV:  2    Int:  5    God:    Okawaru [******]
Gold:   6          SH:  0    Dex: 10    Spells: 10/10 levels left

rFire    . . .     SeeInvis .   a - +5 battleaxe (freeze)
rCold    . . .     Gourm    .   (shield currently unavailable)
rNeg     + + +     Faith    .   (armour currently unavailable)
rPois    +         Spirit   .   (helmet currently unavailable)
rElec    .         Reflect  .   (cloak currently unavailable)
rCorr    .         Harm     .   (gloves currently unavailable)
MR       .....     NoTele   +   (boots currently unavailable)
Stlth    +.........             (no amulet)
Regen    0.4/turn               d - +3 ring of strength
MPRegen  0.2/turn               w - +4 ring of protection

@: lethally poisoned (-8 -> -10), tree-form (expiring), finesse
A: (retaliatory headbutt)
a: Heroism, Finesse, Renounce Religion


You were in the Dungeon.
You worshipped Okawaru.
Okawaru was exalted by your worship.
You were not hungry.
You were a tree.
You visited 1 branch You collected 6 gold pieces.

Inventory:

Hand Weapons
 a - a +5 battleaxe of freezing (weapon)
Armour
 q - a +4 plate armour (melded)
 u - a +0 cloak (melded)
 v - a +0 pair of gloves (melded)
Jewellery
 d - a +3 ring of strength (left branch)
 h - a +3 ring of strength
 w - a +4 ring of protection (right branch)
Wands
 b - a wand of acid (9/15)
Scrolls
 k - a scroll of blinking
 l - 4 scrolls of remove curse
 m - 5 scrolls of amnesia
 n - a scroll of summoning
 s - 2 scrolls of identify
 A - 3 scrolls of fog
 C - a scroll of recharging
Potions
 c - 2 potions of invisibility
 e - 4 potions of curing
 g - a potion of heal wounds
 i - 4 potions of magic
 j - 4 potions of berserk rage
 r - 4 potions of brilliance
 t - a potion of agility
 x - 2 potions of haste
 z - a potion of might
Comestibles
 f - 8 bread rations
 o - 39 fruits
 p - 6 meat rations


   Skills:
 + Level 15.2 Fighting
 + Level 15.0 Axes
 + Level 15.3 Armour
 + Level 13.8 Dodging
   Level 3.8 Shields
 + Level 12.7 Invocations


You had 10 spell levels left.
You didn't know any spells.

Dungeon Overview and Level Annotations

Branches:
Dungeon (1/1)

Altars:
Ashenzari
Cheibriados
Dithmenos
Elyvilon
Fedhas
Gozag
Hepliaklqana
Kikubaaqudgha
Makhleb
Nemelex Xobeh
Okawaru
Qazlal
Ru
Sif Muna
Trog
Uskayaw
Vehumet
Wu Jian
Xom
Yredelemnul
Zin
The Shining One
Beogh
Jiyva
Lugonu

Annotations:
D Arachne


Innate Abilities, Weirdness & Mutations

((You reflexively headbutt those who attack you in melee.))
((You have a pair of horns on your head.))


Message History

The ten-headed hydra bites you.
* * * LOW HITPOINT WARNING * * *
The ten-headed hydra bites you but does no damage.
Unknown command.
Unknown command.
Unknown command.
Unknown command.
The web tears apart.
Arachne hits you with a staff of poison.
* * * LOW HITPOINT WARNING * * *
You are more poisoned.
The soul eater hits you but does no damage.
The ten-headed hydra bites you but does no damage.
The ten-headed hydra bites you.
* * * LOW HITPOINT WARNING * * *
The ten-headed hydra bites you!
* * * LOW HITPOINT WARNING * * *
The ten-headed hydra bites you but does no damage. x2
The ten-headed hydra bites you!
You die...

#####################
#..........23........
#.........h3D♣H......
#..#######W########..
#..# #.#( #..# #h# #2
#..# #(# #Y #..# #3#
#W #..##Y# #Z
#..################
####..................


You could see Arachne, a ten-headed hydra, a blizzard demon, a soul eater, a sun
demon, a freezing wraith and a wolf.

Vanquished Creatures
  Donald (D)
  A frost giant (D)
  Harold (D)
  A two-headed ogre (D)
  An alligator (D)
  A cyclops (D)
  An orc sorcerer (D)
  A molten gargoyle (D)
  Maurice (D)
  A gargoyle (D)
  A kobold demonologist (D)
  A demonic crawler (D)
  A komodo dragon (D)
  A hellwing (D)
  A red devil (D)
  A merfolk (D)
  2 redbacks (D)
  A ynoxinul (D)
  A water elemental (D)
  A tarantella (D)
  2 wraiths (D)
  5 yaks (D)
  A hungry ghost (D)
  A porcupine (D)
  An orc warrior (D)
  A sky beast (D)
  An eye of draining (D)
  A phantom (D)
  2 centaurs (D)
  5 wolves (D)
  A crocodile (D)
  3 big kobolds (D)
  3 killer bees (D)
  2 orc priests (D)
  3 jellies (D)
  An iguana (D)
  A worker ant (D)
  Ijyb (D)
  A mummy (D)
  2 adders (D)
  A river rat (D)
  A white imp (D)
  An ufetubus (D)
  An ooze (D)
  7 orcs (D)
  2 ball pythons (D)
  A giant cockroach (D)
  2 jackals (D)
  3 kobolds (D)
  A bat (D)
  A jackal zombie (D)
  A quokka skeleton (D)
  A quokka zombie (D)
82 creatures vanquished.

Notes
Turn   | Place    | Note
-------+----------+-------------------------------------------
     0 | D        | potatolord5000 the Minotaur Fighter began the quest for the Orb.
     0 | D        | Reached XP level 1. HP: 19/19 MP: 0/0
    20 | D        | Reached skill level 1 in Dodging
    54 | D        | Found a bloodstained altar of Trog.
    54 | D        | Found a deep blue altar of Sif Muna.
    54 | D        | Found a viscous altar of Jiyva.
    54 | D        | Found a hazy altar of Hepliaklqana.
    54 | D        | Found an opulent altar of Gozag.
    55 | D        | Found a glowing golden altar of the Shining One.
    55 | D        | Found a glowing silver altar of Zin.
    55 | D        | Found a basalt altar of Yredelemnul.
    55 | D        | Found a shimmering altar of Xom.
    55 | D        | Found an ornate altar of the Wu Jian Council.
    55 | D        | Found a sacrificial altar of Ru.
    55 | D        | Found a stormy altar of Qazlal.
    55 | D        | Found an iron altar of Okawaru.
    55 | D        | Found a sparkling altar of Nemelex Xobeh.
    55 | D        | Found a burning altar of Makhleb.
    55 | D        | Found a blossoming altar of Fedhas.
    55 | D        | Found a white marble altar of Elyvilon.
    55 | D        | Found a shadowy altar of Dithmenos.
    55 | D        | Found a snail-covered altar of Cheibriados.
    57 | D        | Found a radiant altar of Vehumet.
    57 | D        | Found a corrupted altar of Lugonu.
    57 | D        | Found a roughly hewn altar of Beogh.
    58 | D        | Found a hide-covered altar of Uskayaw.
    58 | D        | Found an ancient bone altar of Kikubaaqudgha.
    58 | D        | Found a shattered altar of Ashenzari.
    63 | D        | Became a worshipper of Warmaster Okawaru
    94 | D        | Reached skill level 1 in Invocations
    94 | D        | Reached XP level 2. HP: 25/28 MP: 1/1
    97 | D        | Reached skill level 5 in Armour
   103 | D        | Reached XP level 3. HP: 24/35 MP: 1/3
   188 | D        | Noticed a sky beast
   189 | D        | Noticed a wolf
   198 | D        | Killed a wolf
   198 | D        | Reached skill level 5 in Axes
   198 | D        | Reached XP level 4. HP: 33/44 MP: 3/5
   199 | D        | Reached XP level 5. HP: 38/51 MP: 3/7
   201 | D        | Killed a sky beast
   201 | D        | Reached * piety under Okawaru
   201 | D        | Reached skill level 5 in Dodging
   201 | D        | Reached skill level 5 in Invocations
   202 | D        | Reached XP level 6. HP: 45/60 MP: 3/8
   377 | D        | Noticed a red devil
   386 | D        | Killed a red devil
   386 | D        | Reached ** piety under Okawaru
   386 | D        | Reached XP level 7. HP: 70/70 MP: 7/11
   597 | D        | Noticed Harold
   607 | D        | Killed Harold
   607 | D        | Reached *** piety under Okawaru
   607 | D        | Reached skill level 10 in Fighting
   607 | D        | Reached skill level 10 in Axes
   607 | D        | Reached skill level 10 in Armour
   607 | D        | Reached XP level 8. HP: 79/81 MP: 9/13
   788 | D        | Reached **** piety under Okawaru
   793 | D        | Noticed a kobold demonologist
   794 | D        | Noticed a two-headed ogre
   797 | D        | Noticed a komodo dragon
   797 | D        | Killed a kobold demonologist
   797 | D        | Reached skill level 10 in Dodging
   797 | D        | Reached XP level 9. HP: 83/89 MP: 12/14
   803 | D        | Killed a two-headed ogre
   803 | D        | Reached ***** piety under Okawaru
   808 | D        | Killed a komodo dragon
   808 | D        | Reached skill level 10 in Invocations
   970 | D        | Noticed a demonic crawler
   970 | D        | Noticed a hellwing
   978 | D        | Killed a demonic crawler
   981 | D        | Killed a hellwing
   997 | D        | Reached XP level 10. HP: 100/100 MP: 8/16
  1003 | D        | Noticed a frost giant
  1017 | D        | Killed a frost giant
  1017 | D        | Received a gift from Okawaru
  1030 | D        | Noticed Ijyb
  1031 | D        | Noticed Donald
  1032 | D        | Noticed a cyclops
  1035 | D        | Noticed an orc sorcerer
  1038 | D        | Noticed an alligator
  1044 | D        | Killed a cyclops
  1051 | D        | Killed an orc sorcerer
  1051 | D        | Reached ****** piety under Okawaru
  1063 | D        | Reached XP level 11. HP: 75/111 MP: 6/18
  1066 | D        | Killed Donald
  1066 | D        | Received a gift from Okawaru
  1068 | D        | Killed an alligator
  1073 | D        | Killed Ijyb
  1406 | D        | Reached skill level 15 in Fighting
  1406 | D        | Reached skill level 15 in Armour
  1474 | D        | Reached skill level 15 in Axes
  1540 | D        | Noticed Arachne
  1540 | D        | Noticed a sun demon
  1540 | D        | Noticed a sixfirhy
  1540 | D        | Noticed a blizzard demon
  1540 | D        | Noticed Maurice
  1541 | D        | Noticed a seven-headed hydra
  1550 | D        | Noticed a glaive of protection
  1553 | D        | Noticed a soul eater
  1556 | D        | Killed Maurice
  1556 | D        | Received a gift from Okawaru
  1567 | D        | HP: 8/168 [ten-headed hydra (2)]
  1576 | D        | HP: 2/168 [ten-headed hydra (8)]
  1576 | D        | Mangled by a ten-headed hydra

Vault maps used:
D:        pitsprint

Skill      XL: |  1  2  3  4  5  6  7  8  9 10 11 |
---------------+----------------------------------+-----
Fighting       | 4 6 7 9 10 11 12 14 15 | 15.2
Axes           | 3 4 5 6 7 8 10 11 12 14 15 | 15.0
Armour         | 4 5 6 7 9 10 11 12 14 15 | 15.3
Dodging        | 2 4 5 7 9 10 11 12 13 | 13.8
Invocations    | 1 3 4 5 6 8 9 10 11 12 | 12.7
Shields        | |  3.8

Action                   |  1- 3 |  4- 6 |  7- 9 | 10-12 || total
-------------------------+-------+-------+-------+-------++-------
Melee: War axe           |    21 |    23 |    34 |       ||    78
       Headbutt          |     4 |     3 |    14 |    15 ||    36
       Broad axe         |       |       |    34 |    10 ||    44
       Punch             |       |       |     1 |       ||     1
       Battleaxe         |       |       |       |    63 ||    63
Invok: Heroism           |       |     1 |     3 |     3 ||     7
       Finesse           |       |       |       |     2 ||     2
  Use: Potion            |     4 |       |       |    19 ||    23
       Scroll            |       |       |       |     6 ||     6
  Eat: Meat ration       |       |       |       |     1 ||     1
       Fruit             |       |       |       |     1 ||     1
Armor: Scale mail        |    10 |       |       |       ||    10
       Plate armour      |     9 |    11 |    28 |    44 ||    92
       Skin              |       |       |       |   152 ||   152
Dodge: Dodged            |    19 |     6 |    47 |    98 ||   170
